Map: Tourmaline LE

Players

ShoWTimE

  • Race: Protoss Protoss
  • League: Master
  • Spawn Location: 1:00

LiquidClem (Clem) - Winner!

  • Race: Terran Terran
  • League: Grandmaster
  • Spawn Location: 7:00

VOD

Have the link to the VOD?

Description

Time

  • Played on: Feb. 1, 2026, 1:31 p.m.
  • Length: 6:54
Show
View Real Time Build Order
Export as new Build Order

ShoWTimE Protoss 

Build Orders: 1 Gate Expand, Blink Stalkers 

Get SALT Encoding   

  12  0:00  Probe  
  13  0:12  Probe  
  14  0:17  Pylon  
  14  0:24  Probe  
  15  0:32  Probe  
  15  0:35  Gateway  
  15  0:40  Probe  
  16  0:47  Assimilator  
  17  0:50  Probe  
  18  1:03  Probe  
  19  1:15  Probe  
  20  1:21  Cybernetics Core  
  20  1:24  Zealot  
  22  1:36  Nexus  
  22  1:42  Pylon  
  22  1:45  Probe  
  23  1:50  Assimilator, Adept  
  23  2:00  Probe  
  26  2:02  Warp Gate  
  26  2:10  Adept  
  26  2:12  Probe  
  29  2:24  Probe  
  29  2:28  Twilight Council  
  30  2:34  Blink  
  30  2:37  Probe  
  31  2:43  Gateway  
  31  2:48  Probe  
  31  2:49  Probe  
  33  2:53  Stalker  
  35  3:00  Probe  
  35  3:01  Probe  
  37  3:13  Probe x2  
  39  3:21  Robotics Facility  
  39  3:25  Probe x2  
  39  3:26  Pylon  
  41  3:37  Probe x2  
  43  3:48  Nexus  
  43  3:49  Probe  
  43  3:51  Probe  
  45  3:59  Stalker  
  45  4:00  Stalker  
  49  4:03  Probe  
  49  4:06  Pylon  
  49  4:08  Probe  
  49  4:09  Observer  
  52  4:15  Probe, Assimilator  
  53  4:20  Probe  
  54  4:24  Stalker  
  54  4:27  Stalker, Probe, Observer  
  54  4:30  Pylon  
  60  4:32  Probe  
  60  4:37  Gateway  
  61  4:39  Probe  
  61  4:42  Gateway  
  62  4:48  Probe  
  62  4:51  Probe  
  62  4:52  Pylon  
  64  4:56  Stalker  
  64  4:58  Charge, Stalker  
  68  5:00  Probe  
  68  5:03  Forge  
  68  5:05  Probe  
  70  5:07  Probe  
  71  5:14  Probe  
  71  5:15  Shield Battery  
  71  5:20  Probe  
  71  5:21  Probe  
  74  5:25  Sentry  
  74  5:26  Sentry, Probe  
  79  5:32  Probe, Pylon  
  79  5:33  Probe  
  81  5:42  Stalker x2  
  83  5:44  Probe  
  82  5:50  Probe x2  
  82  5:51  Shield Battery  
  82  5:52  Stalker  
  84  6:00  Zealot  
  84  6:03  Pylon  
  84  6:09  Stalker x2  
  84  6:17  Gateway  
  78  6:20  Pylon, Gateway  
  78  6:23  Gateway  
  72  6:27  Stalker  
  72  6:29  Probe  
  64  6:34  Stalker x2  
  64  6:38  Gateway  
  57  6:40  Gateway  
  57  6:46  Pylon  
Show
View Real Time Build Order
Export as new Build Order

LiquidClem Terran - Winner!

Build Orders: Cyclone Opening 

Get SALT Encoding   

  12  0:00  SCV  
  13  0:12  SCV  
  14  0:16  Supply Depot  
  14  0:24  SCV  
  15  0:38  SCV  
  15  0:40  Barracks  
  16  0:42  Refinery  
  16  0:50  SCV  
  17  1:02  SCV  
  18  1:14  SCV  
  19  1:27  Orbital Command  
  19  1:33  Command Center  
  19  1:36  Marine  
  20  1:48  Factory  
  20  1:52  SCV  
  21  1:54  Barracks Tech Lab  
  21  2:02  Supply Depot  
  21  2:05  SCV  
  22  2:10  Refinery  
  22  2:17  SCV  
  23  2:26  Barracks  
  23  2:29  SCV  
  24  2:35  Supply Depot  
  25  2:38  Cyclone  
  25  2:41  Marine  
  28  2:44  SCV  
  29  2:56  SCV  
  30  2:59  Marine  
  31  3:06  Barracks  
  31  3:08  SCV  
  32  3:18  Barracks Reactor  
  32  3:21  SCV  
  32  3:22  Orbital Command  
  32  3:24  Stimpack, Marine  
  34  3:33  SCV  
  35  3:36  Factory Tech Lab  
  35  3:42  Marine  
  35  3:45  SCV  
  35  3:48  SCV  
  38  3:51  Engineering Bay  
  38  3:52  Supply Depot  
  38  3:56  Marine x2  
  38  3:57  SCV  
  38  4:00  SCV, Combat Shield  
  38  4:01  Marine  
  38  4:02  Marine  
  43  4:09  SCV  
  45  4:12  SCV  
  45  4:13  Marine  
  45  4:14  Marine  
  48  4:17  Terran Infantry Weapons Level 1  
  48  4:19  Starport  
  48  4:20  Factory Reactor  
  48  4:24  SCV x2  
  49  4:27  Supply Depot  
  49  4:29  Marine  
  53  4:31  Marauder  
  53  4:34  Marine x2  
  53  4:36  SCV  
  53  4:37  SCV  
  57  4:43  Supply Depot  
  57  4:48  SCV  
  57  4:50  Marauder  
  57  4:52  Marine x2  
  63  4:53  Marauder, SCV  
  63  4:56  Refinery  
  65  5:00  SCV  
  65  5:01  Medivac  
  65  5:03  Medivac  
  65  5:06  Supply Depot  
  70  5:09  Widow Mine  
  70  5:10  Marine  
  70  5:11  Marine  
  74  5:14  Marauder  
  74  5:17  Marauder  
  78  5:26  Supply Depot  
  78  5:27  SCV x2  
  78  5:28  Marine  
  81  5:29  Marine  
  82  5:36  Marauder  
  82  5:38  Marauder  
  82  5:41  Medivac  
  86  5:43  Supply Depot  
  86  5:45  Marine  
  86  5:48  Marine  
  87  5:51  SCV x2  
  87  5:53  Supply Depot  
  87  5:55  Factory Reactor  
  89  5:57  Marauder, Medivac  
  89  6:03  Marauder  
  94  6:04  SCV  
  94  6:05  Marine  
  94  6:08  Marine  
  94  6:10  SCV  
  88  6:19  Refinery  
  88  6:21  Medivac  
  88  6:22  Marauder  
  88  6:24  Marauder, Marine  
  88  6:25  SCV  
  90  6:31  Marine  
  86  6:42  SCV  
  86  6:44  Command Center  
Tags
 
Add a new tag
Caveats
  • Supply blocks, unpowered buildings, or Contaminate may cause inaccurate times.
  • Supply counts are checked every 10 seconds.